3AAA
SALT LAKE CITY BUZZ @ ELLENBURG FIGHTING DACHSUNDS
09/18/2042
 
TOP OF THE 1ST
Salt Lake City Buzz batting - Pitching for Ellenburg Fighting Dachsunds : LHP Zi-cheng Pei
Pitching: LHP Zi-cheng Pei
Batting: RHB Emerson Horton 0-0: Ball
1-0: Ball
2-0: Called Strike
2-1: Ball
3-1: Base on Balls
Batting: LHB Doyle Berkey 0-0: Ball
1-0: Foul Ball, location: 2F
1-1: Called Strike
1-2: Fielders Choice at 2nd, 1-6 (Groundball, 34S, EV 85.0 MPH)
Batting: RHB Falco Opsteegh 0-0: Called Strike
0-1: Swinging Strike
0-2: Ball
1-2: Fly out, F9 (Flyball, 89S, EV 87.5 MPH)
Batting: LHB Ronald Lithgoe 0-0: Ball
1-0: Fly out, F7 (Flyball, 7LS, EV 93.8 MPH)
Top of the 1st over - 0 runs, 0 hits, 0 errors, 1 left on base; Salt Lake City 0 - Ellenburg 0
BOTTOM OF THE 1ST
Ellenburg Fighting Dachsunds batting - Pitching for Salt Lake City Buzz : RHP Dong-hwan Namgung
Pitching: RHP Dong-hwan Namgung
Batting: LHB Tony Worley 0-0: Called Strike
0-1: Foul Ball, location: 2F
0-2: Ball
1-2: Ball
2-2: Foul Ball, location: 2F
2-2: Strikes out swinging
Batting: RHB Sze Qi 0-0: Ball
1-0: Called Strike
1-1: Foul Ball, location: 2F
1-2: Ball
2-2: Strikes out swinging
Batting: LHB Javier Castro 0-0: Ball
1-0: Fly out, F4 (Popup, 34D, EV 50.6 MPH)
Bottom of the 1st over - 0 runs, 0 hits, 0 errors, 0 left on base; Salt Lake City 0 - Ellenburg 0
TOP OF THE 2ND
Salt Lake City Buzz batting - Pitching for Ellenburg Fighting Dachsunds : LHP Zi-cheng Pei
Batting: RHB Mark Quaintance 0-0: Ball
1-0: Called Strike
1-1: Ball
2-1: Ground out 4-3 (Groundball, 4M, EV 90.0 MPH)
Batting: LHB Ricardo Águila 0-0: Ball
1-0: Called Strike
1-1: Ball
2-1: Ball
3-1: Ground out 4-3 (Groundball, 4, EV 105.0 MPH)
Batting: RHB Fytor Ceia 0-0: Ball
1-0: Fly out, F8 (Flyball, 78M, EV 78.8 MPH)
Top of the 2nd over - 0 runs, 0 hits, 0 errors, 0 left on base; Salt Lake City 0 - Ellenburg 0
BOTTOM OF THE 2ND
Ellenburg Fighting Dachsunds batting - Pitching for Salt Lake City Buzz : RHP Dong-hwan Namgung
Batting: LHB Mike Johnstone 0-0: Called Strike
0-1: Ball
1-1: Foul Ball, location: 2F
1-2: Ball
2-2: Ball
3-2: Base on Balls
Batting: RHB Jesús Méndez 0-0: Ball
1-0: Called Strike
1-1: SINGLE (Groundball, 6MD, EV 107.5 MPH)
Mike Johnstone to second
Batting: LHB Sergio Morán 0-0: Ball
1-0: Ball
2-0: SINGLE (Flyball, 7S, EV 90.6 MPH)
Mike Johnstone to third
Jesús Méndez to second
Batting: LHB Larry Moore 0-0: Foul Ball, location: 2F
0-1: Called Strike
0-2: Foul Ball, location: 2F
0-2: Ball
1-2: Ball
2-2: Strikes out swinging
Batting: RHB Alexander Conley 0-0: Foul Ball, location: 2F
0-1: Ball
1-1: Foul Ball, location: 2F
1-2: SINGLE (Line Drive, 78M, EV 96.2 MPH)
Mike Johnstone scores
Jesús Méndez to third
Sergio Morán to second
Runner from 3rd tries for Home, SAFE, throw by LF to home
Batting: LHB Bill O'Halloran 0-0: Fly out, F9 (Flyball, 9D, EV 89.4 MPH)
Runner from 2nd tags up, SAFE at 3rd, no throw by RF
Batting: LHB Tony Worley 0-0: Called Strike
0-1: Foul Ball, location: 2F
0-2: SINGLE (Groundball, 6MD, EV 96.2 MPH)
Sergio Morán scores
Alexander Conley to second
Batting: RHB Sze Qi 0-0: Swinging Strike
0-1: Foul Ball, location: 2F
0-2: Ball
1-2: Strikes out looking
Bottom of the 2nd over - 3 runs, 4 hits, 0 errors, 2 left on base; Salt Lake City 0 - Ellenburg 3
TOP OF THE 3RD
Salt Lake City Buzz batting - Pitching for Ellenburg Fighting Dachsunds : LHP Zi-cheng Pei
Batting: RHB Jun-soo Yi 0-0: Called Strike
0-1: Fly out, F5 (Popup, 5SF, EV 65.6 MPH)
Batting: LHB Glenn Lockhart 0-0: Ball
1-0: Ground out 4-3 (Groundball, 34D, EV 107.5 MPH)
Batting: RHB Emerson Horton 0-0: Called Strike
0-1: Ground out 6-3 (Groundball, 56, EV 79.4 MPH)
Top of the 3rd over - 0 runs, 0 hits, 0 errors, 0 left on base; Salt Lake City 0 - Ellenburg 3
BOTTOM OF THE 3RD
Ellenburg Fighting Dachsunds batting - Pitching for Salt Lake City Buzz : RHP Dong-hwan Namgung
Batting: LHB Javier Castro 0-0: Ball
1-0: Ball
2-0: Foul Ball, location: 2F
2-1: Ball
3-1: Called Strike
3-2: SINGLE (Line Drive, 7LS, EV 94.4 MPH)
Batting: LHB Mike Johnstone 0-0: Swinging Strike
0-1: Ball
1-1: Ball
2-1: Foul Ball, location: 2F
2-2: Hit by Pitch
Javier Castro to second
Batting: RHB Jesús Méndez 0-0: Called Strike
0-1: Ball
1-1: Grounds into double play, 3-6-1 (Groundball, 34, EV 107.5 MPH)
Javier Castro to third
Batting: LHB Sergio Morán 0-0: Called Strike
0-1: DOUBLE (Groundball, 3L, EV 105.0 MPH)
Javier Castro scores
Batting: LHB Larry Moore 0-0: Ball
1-0: Ball
2-0: Called Strike
2-1: Foul Ball, location: 2F
2-2: Foul Ball, location: 2F
2-2: Foul Ball, location: 2F
2-2: Foul Ball, location: 2F
2-2: Ball
3-2: Foul Ball, location: 2F
3-2: Foul Ball, location: 2F
3-2: Ground out 5-3 (Groundball, 56, EV 86.9 MPH)
Bottom of the 3rd over - 1 run, 2 hits, 0 errors, 1 left on base; Salt Lake City 0 - Ellenburg 4
TOP OF THE 4TH
Salt Lake City Buzz batting - Pitching for Ellenburg Fighting Dachsunds : LHP Zi-cheng Pei
Batting: LHB Doyle Berkey 0-0: Ball
1-0: Ball
2-0: SINGLE (Groundball, 34S, EV 84.4 MPH) (infield hit)
Batting: RHB Falco Opsteegh 0-0: Called Strike
Doyle Berkey steals 2nd base
0-1: Swinging Strike
0-2: Ball
1-2: Strikes out swinging
Batting: LHB Ronald Lithgoe 0-0: Ball
1-0: Fly out, F8 (Flyball, 8LD, EV 94.4 MPH)
Batting: RHB Mark Quaintance 0-0: Ball
1-0: Called Strike
1-1: Swinging Strike
1-2: Foul Ball, location: 2F
1-2: Fly out, F8 (Line Drive, 8RM, EV 85.0 MPH)
Top of the 4th over - 0 runs, 1 hit, 0 errors, 1 left on base; Salt Lake City 0 - Ellenburg 4
BOTTOM OF THE 4TH
Ellenburg Fighting Dachsunds batting - Pitching for Salt Lake City Buzz : RHP Dong-hwan Namgung
Batting: RHB Alexander Conley 0-0: Called Strike
0-1: Ball
1-1: Foul Ball, location: 2F
1-2: SOLO HOME RUN (Flyball, 78XD, EV 93.1 MPH), Distance : 403 ft
Batting: LHB Bill O'Halloran 0-0: Foul Ball, location: 2F
0-1: Ball
1-1: Foul Ball, location: 2F
1-2: Fly out, F9 (Line Drive, 9, EV 88.1 MPH)
Batting: LHB Tony Worley 0-0: Ball
1-0: DOUBLE (Line Drive, 78D, EV 101.2 MPH)
Pitching: RHP Rémi Ribeiro
Batting: RHB Sze Qi 0-0: DOUBLE (Line Drive, 9LS, EV 113.1 MPH)
Tony Worley scores
Batting: LHB Javier Castro 0-0: Foul Ball, location: 2F
0-1: Ball
1-1: Ball
2-1: Ball
3-1: Swinging Strike
3-2: Ground out 6-3 (Groundball, 6, EV 83.1 MPH)
Sze Qi to third
Batting: LHB Mike Johnstone 0-0: Ball
1-0: Ball
2-0: Ball
3-0: Called Strike
3-1: Foul Ball, location: 2F
3-2: Foul Ball, location: 2F
3-2: Foul Ball, location: 2F
3-2: Foul Ball, location: 2F
3-2: Strikes out looking
Bottom of the 4th over - 2 runs, 3 hits, 0 errors, 1 left on base; Salt Lake City 0 - Ellenburg 6
TOP OF THE 5TH
Salt Lake City Buzz batting - Pitching for Ellenburg Fighting Dachsunds : LHP Zi-cheng Pei
Batting: LHB Ricardo Águila 0-0: Called Strike
0-1: Called Strike
0-2: TRIPLE (Flyball, 89XD, EV 89.4 MPH)
Batting: RHB Fytor Ceia 0-0: Foul Ball, location: 2F
0-1: DOUBLE (Groundball, 5L, EV 101.9 MPH)
Ricardo Águila scores
Batting: RHB Jun-soo Yi 0-0: Ball
1-0: Ball
2-0: Ball
3-0: Base on Balls
Batting: LHB Glenn Lockhart 0-0: Foul Ball, location: 2F
0-1: Swinging Strike
0-2: Ball
1-2: Strikes out swinging
Batting: RHB Emerson Horton 0-0: Swinging Strike
0-1: Called Strike
0-2: Strikes out swinging
Batting: LHB Doyle Berkey 0-0: Swinging Strike
0-1: Called Strike
0-2: Foul Ball, location: 2F
0-2: Ball
1-2: Ball
2-2: Strikes out swinging
Top of the 5th over - 1 run, 2 hits, 0 errors, 2 left on base; Salt Lake City 1 - Ellenburg 6
BOTTOM OF THE 5TH
Ellenburg Fighting Dachsunds batting - Pitching for Salt Lake City Buzz : RHP Rémi Ribeiro
Batting: RHB Jesús Méndez 0-0: Ground out 1-3 (Groundball, 13S, EV 65.0 MPH)
Batting: LHB Sergio Morán 0-0: Ball
1-0: Foul Ball, location: 2F
1-1: Foul Ball, location: 2F
1-2: Hit by Pitch
Batting: LHB Larry Moore 0-0: Foul Ball, location: 2F
0-1: Ball
1-1: Called Strike
1-2: Ball
2-2: Ball
3-2: Base on Balls
Sergio Morán to second
Batting: RHB Alexander Conley 0-0: Ball
1-0: SINGLE (Groundball, 4MD, EV 97.5 MPH)
Sergio Morán to third
Larry Moore to second
Runner from 3rd tries for Home, SAFE, no throw by CF
Batting: LHB Bill O'Halloran 0-0: Foul Ball, location: 2F
0-1: Swinging Strike
0-2: Ball
1-2: Grounds into double play, 3-6-1 (Groundball, 34, EV 85.6 MPH)
Bottom of the 5th over - 1 run, 1 hit, 0 errors, 1 left on base; Salt Lake City 1 - Ellenburg 7
TOP OF THE 6TH
Salt Lake City Buzz batting - Pitching for Ellenburg Fighting Dachsunds : LHP Zi-cheng Pei
Batting: RHB Falco Opsteegh 0-0: Foul Ball, location: 2F
0-1: Foul Ball, location: 2F
0-2: Ground out 4-3 (Groundball, 4, EV 77.5 MPH)
Batting: LHB Ronald Lithgoe 0-0: Swinging Strike
0-1: Fly out, F8 (Flyball, 8LD, EV 88.8 MPH)
Batting: RHB Mark Quaintance 0-0: Ball
1-0: Called Strike
1-1: Ball
2-1: Foul Ball, location: 2F
2-2: Ball
3-2: Strikes out looking
Top of the 6th over - 0 runs, 0 hits, 0 errors, 0 left on base; Salt Lake City 1 - Ellenburg 7
BOTTOM OF THE 6TH
Ellenburg Fighting Dachsunds batting - Pitching for Salt Lake City Buzz : RHP Rémi Ribeiro
Batting: LHB Tony Worley 0-0: SINGLE (Line Drive, 78S, EV 93.1 MPH)
Pitching: RHP John Núñes
Batting: RHB Sze Qi 0-0: Called Strike
0-1: Called Strike
0-2: Ball
1-2: Ground out 6-3 (Groundball, 6S, EV 70.0 MPH)
Tony Worley to second
Batting: LHB Javier Castro 0-0: Ball
1-0: Ball
2-0: Foul Ball, location: 2F
2-1: Foul Ball, location: 2F
2-2: Ball
3-2: Strikes out swinging
Batting: LHB Mike Johnstone 0-0: Called Strike
0-1: Foul Ball, location: 2F
0-2: Hit by Pitch
Batting: RHB Jesús Méndez 0-0: Fielders Choice at 2nd, 5-4 (Groundball, 5, EV 77.5 MPH)
Bottom of the 6th over - 0 runs, 1 hit, 0 errors, 2 left on base; Salt Lake City 1 - Ellenburg 7
TOP OF THE 7TH
Salt Lake City Buzz batting - Pitching for Ellenburg Fighting Dachsunds : LHP Zi-cheng Pei
Pitching: RHP Jasper Jordan
Batting: LHB Ricardo Águila 0-0: Ball
1-0: Called Strike
1-1: Foul Ball, location: 2F
1-2: Ball
2-2: Ball
3-2: Foul Ball, location: 2F
3-2: Foul Ball, location: 2F
3-2: Foul Ball, location: 2F
3-2: SOLO HOME RUN (Flyball, 89XD, EV 91.2 MPH) (Inside the Park)
Batting: RHB Fytor Ceia 0-0: Called Strike
0-1: Foul Ball, location: 2F
0-2: Strikes out swinging
Batting: RHB Jun-soo Yi 0-0: Ball
1-0: Foul Ball, location: 2F
1-1: Swinging Strike
1-2: Foul Ball, location: 2F
1-2: Ball
2-2: Ball
3-2: Ground out 1-3 (Groundball, 13S, EV 71.9 MPH)
Batting: LHB Glenn Lockhart 0-0: Ground out 6-3 (Groundball, 4MS, EV 82.5 MPH)
Top of the 7th over - 1 run, 1 hit, 0 errors, 0 left on base; Salt Lake City 2 - Ellenburg 7
BOTTOM OF THE 7TH
Ellenburg Fighting Dachsunds batting - Pitching for Salt Lake City Buzz : RHP John Núñes
Batting: LHB Sergio Morán 0-0: Ground out 4-3 (Groundball, 4, EV 90.0 MPH)
Batting: LHB Larry Moore 0-0: Ball
1-0: Ground out 6-3 (Groundball, 56, EV 105.0 MPH)
Batting: RHB Alexander Conley 0-0: Ground out 6-3 (Groundball, 6, EV 97.5 MPH)
Bottom of the 7th over - 0 runs, 0 hits, 0 errors, 0 left on base; Salt Lake City 2 - Ellenburg 7
TOP OF THE 8TH
Salt Lake City Buzz batting - Pitching for Ellenburg Fighting Dachsunds : RHP Jasper Jordan
Batting: RHB Emerson Horton 0-0: Ball
1-0: Called Strike
1-1: Fly out, F8 (Line Drive, 8RM, EV 92.5 MPH)
Batting: LHB Doyle Berkey 0-0: Ground out 4-3 (Groundball, 4M, EV 105.0 MPH)
Batting: RHB Falco Opsteegh 0-0: Ball
1-0: Ground out 5-3 (Groundball, 56, EV 107.5 MPH)
Top of the 8th over - 0 runs, 0 hits, 0 errors, 0 left on base; Salt Lake City 2 - Ellenburg 7
BOTTOM OF THE 8TH
Ellenburg Fighting Dachsunds batting - Pitching for Salt Lake City Buzz : RHP John Núñes
Batting: LHB Bill O'Halloran 0-0: Called Strike
0-1: Ground out 6-3 (Groundball, 6M, EV 96.9 MPH)
Batting: LHB Tony Worley 0-0: Ball
1-0: Ball
2-0: Ball
3-0: Called Strike
3-1: Called Strike
3-2: Foul Ball, location: 2F
3-2: Base on Balls
Batting: RHB Sze Qi 0-0: Called Strike
0-1: Foul Ball, location: 2F
0-2: Strikes out swinging
Batting: LHB Javier Castro 0-0: Called Strike
0-1: Ball
1-1: Ball
2-1: Foul Ball, location: 2F
2-2: DOUBLE (Flyball, 78XD, EV 92.5 MPH)
Tony Worley to third
Runner from 3rd tries for Home, SAFE, throw by CF to home
Batting: LHB Mike Johnstone 0-0: Foul Ball, location: 2F
0-1: Ball
1-1: Foul Ball, location: 2F
1-2: Ball
2-2: Ball
3-2: Fly out, F8 (Flyball, 8LS, EV 88.1 MPH)
Bottom of the 8th over - 1 run, 1 hit, 0 errors, 1 left on base; Salt Lake City 2 - Ellenburg 8
TOP OF THE 9TH
Salt Lake City Buzz batting - Pitching for Ellenburg Fighting Dachsunds : RHP Jasper Jordan
Batting: LHB Ronald Lithgoe 0-0: Called Strike
0-1: Ball
1-1: Fly out, F9 (Flyball, 9D, EV 99.4 MPH)
Batting: RHB Mark Quaintance 0-0: Called Strike
0-1: Ball
1-1: Foul Ball, location: 2F
1-2: Ground out 4-3 (Groundball, 4, EV 88.8 MPH)
Pitching: LHP Riley Evans
Batting: LHB Ricardo Águila 0-0: Called Strike
0-1: Ball
1-1: Ball
2-1: Foul Ball, location: 2F
2-2: Strikes out looking
Top of the 9th over - 0 runs, 0 hits, 0 errors, 0 left on base; Salt Lake City 2 - Ellenburg 8
Friday, March 26th, 2021 - OOTP Baseball 20.8 Build 74